[Event "FICS rated blitz game"]
[Site "FICS freechess.org"]
[FICSGamesDBGameNo "20001904"]
[White "Ipe"]
[Black "Cuchulainn"]
[WhiteElo "1785"]
[BlackElo "1848"]
[WhiteRD "na"]
[BlackRD "na"]
[TimeControl "300+0"]
[Date "1999.09.19"]
[Time "06:37:00"]
[WhiteClock "0:05:00.000"]
[BlackClock "0:05:00.000"]
[ECO "A16"]
[PlyCount "43"]
[Result "1-0"]

1. c4 Nf6 2. Nc3 g6 3. e4 d6 4. f4 Bg7 5. Nf3 O-O 6. Be2 c5 7. O-O Nc6 8. d3 Bg4 9. Be3 Qd7 10. Qd2 a6 11. Nd5 e6 12. Nb6 Qc7 13. Nxa8 Rxa8 14. h3 Bxf3 15. Bxf3 Nd7 16. Rab1 Nd4 17. a3 Nb8 18. b4 b6 19. e5 Nbc6 20. Bxd4 cxd4 21. b5 axb5 22. cxb5 {Black resigns} 1-0

[Event "FICS rated blitz game"]
[Site "FICS freechess.org"]
[FICSGamesDBGameNo "20001903"]
[White "atmos"]
[Black "lell"]
[WhiteElo "1875"]
[BlackElo "1811"]
[WhiteRD "na"]
[BlackRD "na"]
[TimeControl "180+0"]
[Date "1999.09.19"]
[Time "05:42:00"]
[WhiteClock "0:03:00.000"]
[BlackClock "0:03:00.000"]
[ECO "A04"]
[PlyCount "103"]
[Result "1-0"]

1. Nf3 f5 2. b3 Nf6 3. Bb2 g6 4. g3 Bg7 5. Bg2 O-O 6. O-O d6 7. d4 c6 8. Nbd2 h6 9. c4 Ne4 10. Nxe4 fxe4 11. Ne1 d5 12. Nc2 g5 13. Ne3 e6 14. Rc1 Bd7 15. Ba3 Rf7 16. Ng4 Na6 17. Ne5 Bxe5 18. dxe5 Qb6 19. e3 Nb4 20. Qh5 Kg7 21. Bxb4 Qxb4 22. h4 Qe7 23. hxg5 Qxg5 24. Qxg5+ hxg5 25. cxd5 exd5 26. f3 exf3 27. Bxf3 Raf8 28. Be2 Kg6 29. Bd3+ Kg7 30. e4 dxe4 31. Bxe4 Rxf1+ 32. Rxf1 Rxf1+ 33. Kxf1 Be6 34. Ke2 Kf8 35. Ke3 Ke7 36. Kd4 Kd7 37. b4 Kc7 38. a4 Kb6 39. Bc2 a5 40. bxa5+ Kxa5 41. Kc5 Bg4 42. Kd6 b5 43. axb5 cxb5 44. e6 Bh5 45. Kd7 Kb4 46. Kd8 Kc3 47. Bf5 b4 48. e7 b3 49. e8=Q Bxe8 50. Kxe8 Kb2 51. Kf7 Kc1 52. Kg6 {Black resigns} 1-0

[Event "FICS rated blitz game"]
[Site "FICS freechess.org"]
[FICSGamesDBGameNo "20001902"]
[White "Myggen"]
[Black "robbi"]
[WhiteElo "1684"]
[BlackElo "1816"]
[WhiteRD "na"]
[BlackRD "na"]
[TimeControl "180+0"]
[Date "1999.09.19"]
[Time "04:59:00"]
[WhiteClock "0:03:00.000"]
[BlackClock "0:03:00.000"]
[ECO "D02"]
[PlyCount "127"]
[Result "1/2-1/2"]

1. d4 Nf6 2. Nf3 d5 3. Bf4 c6 4. e3 Qb6 5. Qc1 e6 6. Nbd2 Nbd7 7. Bd3 Be7 8. O-O O-O 9. c4 c5 10. Qc2 h6 11. Ne5 Nxe5 12. dxe5 Nd7 13. cxd5 exd5 14. e4 dxe4 15. Bxe4 Rd8 16. Nc4 Qa6 17. Rad1 Nf8 18. Rxd8 Bxd8 19. Nd6 Be6 20. Bxb7 Qxa2 21. Bxa8 Be7 22. Be4 Qa6 23. Qxc5 f5 24. exf6 Bxf6 25. Bd5 Bxd5 26. Qxd5+ Kh7 27. Qf5+ Kg8 28. Qc8 Qxc8 29. Nxc8 Kh8 30. Nxa7 Bxb2 31. Rb1 Bf6 32. Rb8 Kg8 33. Bd6 Kf7 34. Rxf8+ Kg6 35. Rxf6+ Kxf6 36. Bb4 Kf7 37. f3 Kf6 38. Bc3+ Kf7 39. Nc6 g6 40. Nd4 h5 41. Kf2 Kf6 42. h4 Kf7 43. g4 hxg4 44. fxg4 Kg7 45. Kg3 Kh6 46. Kf4 Kg7 47. g5 Kf7 48. Kg4 Kg7 49. h5 gxh5+ 50. Kxh5 Kh7 51. g6+ Kg7 52. Nf5+ Kg8 53. Kh6 Kf8 54. g7+ Kg8 55. Ne7+ Kf7 56. g8=Q+ Kxe7 57. Qg6 Kd7 58. Kg5 Kc7 59. Kf5 Kd7 60. Ke5 Kc7 61. Qd6+ Kc8 62. Kd5 Kb7 63. Kc5 Kc8 64. Kb6 {Game drawn by stalemate} 1/2-1/2

[Event "FICS rated blitz game"]
[Site "FICS freechess.org"]
[FICSGamesDBGameNo "20001901"]
[White "brav"]
[Black "Farao"]
[WhiteElo "1506"]
[BlackElo "1670"]
[WhiteRD "na"]
[BlackRD "na"]
[TimeControl "300+0"]
[Date "1999.09.19"]
[Time "01:07:00"]
[WhiteClock "0:05:00.000"]
[BlackClock "0:05:00.000"]
[ECO "B12"]
[PlyCount "116"]
[Result "0-1"]

1. e4 c6 2. d4 d5 3. e5 Bf5 4. f4 e6 5. h4 h5 6. Nf3 c5 7. Be3 Qb6 8. b3 Nc6 9. Nc3 Nh6 10. Na4 Qa5+ 11. Qd2 Qxd2+ 12. Kxd2 cxd4 13. Nxd4 Nxd4 14. Bxd4 Ng4 15. Bb5+ Kd8 16. Nc5 Rb8 17. Rac1 a6 18. Bd3 b6 19. Nxa6 Rb7 20. Rhf1 Ba3 21. Rce1 Ke7 22. c4 Bxd3 23. Kxd3 dxc4+ 24. Kxc4 Ra8 25. Nb4 Rc8+ 26. Kb5 Bxb4 27. Kxb4 Nh6 28. Rc1 Rxc1 29. Rxc1 Nf5 30. Bf2 f6 31. exf6+ gxf6 32. Rc6 Kd7 33. Rxb6 Rxb6+ 34. Bxb6 Nxh4 35. g3 Nf5 36. Bf2 Nd6 37. Kc3 Ne4+ 38. Kc4 Nxf2 39. a4 Ne4 40. b4 Nxg3 41. b5 Nf5 42. a5 Kc7 43. Kc5 h4 44. a6 Kb8 45. b6 Ne7 46. Kd6 Nc8+ 47. Kc6 Nxb6 48. Kxb6 h3 49. Kc6 h2 50. Kd6 h1=Q 51. Kxe6 Qc6+ 52. Kf5 Qxa6 53. Kg4 Kc7 54. Kf5 Kd7 55. Kg4 Ke6 56. Kg3 Kf5 57. Kf3 Qd3+ 58. Kf2 Kxf4 {White resigns} 0-1

[Event "FICS rated lightning game"]
[Site "FICS freechess.org"]
[FICSGamesDBGameNo "20001900"]
[White "Faygoredpop"]
[Black "Silvia"]
[WhiteElo "2082"]
[BlackElo "1933"]
[WhiteRD "na"]
[BlackRD "na"]
[TimeControl "60+0"]
[Date "1999.09.19"]
[Time "00:23:00"]
[WhiteClock "0:01:00.000"]
[BlackClock "0:01:00.000"]
[ECO "B23"]
[PlyCount "84"]
[Result "0-1"]

1. e4 c5 2. Nc3 Nc6 3. f4 d6 4. Nf3 Bd7 5. Bc4 e6 6. O-O Be7 7. Kh1 Nf6 8. d4 a6 9. a4 cxd4 10. Nxd4 Nxd4 11. Qxd4 Qc7 12. Bb3 Rc8 13. f5 Qc5 14. Be3 Qxd4 15. Bxd4 e5 16. Be3 Bc6 17. Bg5 Nxe4 18. Nxe4 Bxe4 19. Bxe7 Kxe7 20. Rae1 Bxc2 21. Bd5 Bxa4 22. Bxb7 Rb8 23. Bxa6 Rxb2 24. Ra1 Bd7 25. Bc4 Rhb8 26. Ra7 f6 27. Be6 R2b7 28. Rxb7 Rxb7 29. h3 Bxe6 30. fxe6 Kxe6 31. Kg1 f5 32. Ra1 g5 33. Ra8 e4 34. Re8+ Kd5 35. Rg8 g4 36. hxg4 fxg4 37. Rxg4 Ke5 38. Rg5+ Kf4 39. Rh5 e3 40. Rh4+ Ke5 41. Kf1 d5 42. Ke2 Rb2+ {White forfeits on time} 0-1

[Event "FICS rated blitz game"]
[Site "FICS freechess.org"]
[FICSGamesDBGameNo "20001899"]
[White "zmike"]
[Black "StormKiller"]
[WhiteElo "1272"]
[BlackElo "1282"]
[WhiteRD "na"]
[BlackRD "na"]
[TimeControl "480+0"]
[Date "1999.09.18"]
[Time "23:05:00"]
[WhiteClock "0:08:00.000"]
[BlackClock "0:08:00.000"]
[ECO "B01"]
[PlyCount "56"]
[Result "0-1"]

1. e4 d5 2. e5 Nc6 3. Nf3 Bg4 4. Be2 Bxf3 5. Bxf3 Nxe5 6. d4 Nxf3+ 7. Qxf3 e6 8. c3 Qf6 9. Qxf6 Nxf6 10. O-O h5 11. Nd2 a5 12. Nf3 g6 13. Bf4 c5 14. Be5 Be7 15. dxc5 Rc8 16. b4 axb4 17. cxb4 Rc6 18. Nd4 Rc8 19. Rfe1 Rh7 20. Rac1 Nd7 21. c6 bxc6 22. Nxc6 Nxe5 23. Nxe5 Rxc1 24. Rxc1 f6 25. Rc8+ Bd8 26. Nc6 Rc7 27. Rxd8+ Kf7 28. Nd4 Rc1# {White checkmated} 0-1

[Event "FICS rated blitz game"]
[Site "FICS freechess.org"]
[FICSGamesDBGameNo "20001898"]
[White "Litlecake"]
[Black "redivan"]
[WhiteElo "1651"]
[BlackElo "1654"]
[WhiteRD "na"]
[BlackRD "na"]
[TimeControl "180+2"]
[Date "1999.09.18"]
[Time "22:30:00"]
[WhiteClock "0:03:00.000"]
[BlackClock "0:03:00.000"]
[ECO "D07"]
[PlyCount "133"]
[Result "1-0"]

1. d4 d5 2. c4 Nc6 3. Nf3 Bg4 4. cxd5 Bxf3 5. dxc6 Bxc6 6. e3 e6 7. Nc3 Nf6 8. Bd2 a6 9. f3 Be7 10. Bd3 O-O 11. O-O Nd5 12. Rc1 Nxc3 13. Bxc3 Bf6 14. Bb1 g6 15. Qd2 Qd7 16. Rfd1 Rad8 17. Qf2 Qe7 18. a3 e5 19. Bb4 Qe6 20. Bxf8 Kxf8 21. dxe5 Qxe5 22. Rxd8+ Bxd8 23. Rd1 Be7 24. Kh1 Bc5 25. Re1 Kg7 26. Qe2 Bb5 27. Qd2 Bd6 28. Qc3 Qxc3 29. bxc3 Be5 30. Rc1 c5 31. c4 Bd7 32. Be4 b6 33. Rb1 b5 34. Bb7 bxc4 35. Bxa6 c3 36. Bd3 Ba4 37. Rc1 Bb3 38. Bc2 c4 39. Kg1 Bd6 40. Bxb3 cxb3 41. Rxc3 b2 42. Rb3 Bxa3 43. Kf2 Kf6 44. Ke2 Ke5 45. Kd2 h5 46. Kc2 Bc5 47. Rxb2 Bxe3 48. Kd3 Bg1 49. g3 g5 50. h3 Kf5 51. Rb5+ Kg6 52. Ke4 Bf2 53. g4 hxg4 54. hxg4 Bg3 55. Rb6+ f6 56. Kd5 Be5 57. Ke4 Bf4 58. Re6 Bc1 59. Re8 Bb2 60. Rg8+ Kf7 61. Ra8 Bc3 62. Kf5 Bd4 63. Rb8 Ke7 64. Rb7+ Kd6 65. Rf7 Kd5 66. Rxf6 Bxf6 67. Kxf6 {Black forfeits on time} 1-0

[Event "FICS rated blitz game"]
[Site "FICS freechess.org"]
[FICSGamesDBGameNo "20001897"]
[White "EchecEtMat"]
[Black "Knightowl"]
[WhiteElo "1252"]
[BlackElo "1339"]
[WhiteRD "na"]
[BlackRD "na"]
[TimeControl "360+13"]
[Date "1999.09.18"]
[Time "22:25:00"]
[WhiteClock "0:06:00.000"]
[BlackClock "0:06:00.000"]
[ECO "D08"]
[PlyCount "56"]
[Result "0-1"]

1. d4 d5 2. c4 e5 3. dxe5 d4 4. e3 Bb4+ 5. Bd2 dxe3 6. Bxb4 exf2+ 7. Ke2 Bg4+ 8. Nf3 Bxf3+ 9. gxf3 Qg5 10. Qd4 Nc6 11. Qd2 Qxe5+ 12. Kxf2 Rd8 13. Qc2 Nxb4 14. Qa4+ Nc6 15. Nc3 Qd4+ 16. Kg2 Nf6 17. Re1+ Kf8 18. Ne4 Nh5 19. b3 Qb2+ 20. Re2 Nf4+ 21. Kg3 Nxe2+ 22. Bxe2 Qxe2 23. Ng5 Qe5+ 24. f4 Rd3+ 25. Nf3 Qe3 26. Qa3+ Ke8 27. Re1 Qxe1+ 28. Kg4 Qe2 {White resigns} 0-1

[Event "FICS rated lightning game"]
[Site "FICS freechess.org"]
[FICSGamesDBGameNo "20001895"]
[White "Spacefrog"]
[Black "Baxter"]
[WhiteElo "1312"]
[BlackElo "1176"]
[WhiteRD "na"]
[BlackRD "na"]
[TimeControl "120+0"]
[Date "1999.09.18"]
[Time "22:21:00"]
[WhiteClock "0:02:00.000"]
[BlackClock "0:02:00.000"]
[ECO "C22"]
[PlyCount "48"]
[Result "0-1"]

1. e4 e5 2. d4 exd4 3. Qxd4 Nc6 4. Qa4 Nf6 5. Bf4 a6 6. Nd2 b5 7. Qb3 Nd4 8. Qd3 c5 9. e5 Nd5 10. Be3 Nb4 11. Qe4 Ra7 12. Bxd4 Bb7 13. Qf5 g6 14. Qg4 cxd4 15. Qxd4 Nxc2+ 16. Kd1 Nxd4 17. Ngf3 Nxf3 18. Nxf3 Qe7 19. Be2 Bxf3 20. gxf3 Qxe5 21. Re1 Qxb2 22. Rc1 Bb4 23. Rg1 O-O 24. Rc2 Qd4+ {White resigns} 0-1

[Event "FICS rated blitz game"]
[Site "FICS freechess.org"]
[FICSGamesDBGameNo "20001894"]
[White "ComboKing"]
[Black "sparc"]
[WhiteElo "1642"]
[BlackElo "1594"]
[WhiteRD "na"]
[BlackRD "na"]
[TimeControl "300+0"]
[Date "1999.09.18"]
[Time "21:58:00"]
[WhiteClock "0:05:00.000"]
[BlackClock "0:05:00.000"]
[ECO "B01"]
[PlyCount "82"]
[Result "0-1"]

1. e4 d5 2. exd5 c6 3. dxc6 Nxc6 4. Nf3 Nf6 5. Nc3 e6 6. Be2 h6 7. O-O Bd6 8. d4 a6 9. Re1 O-O 10. Bf1 Qc7 11. h3 e5 12. d5 Nb4 13. a3 e4 14. axb4 exf3 15. Qxf3 Bxb4 16. Bxh6 gxh6 17. Qxf6 Qd6 18. Qxd6 Bxd6 19. Ne4 Be5 20. c3 Rd8 21. Bc4 b6 22. Nd2 Bf4 23. Nf3 Bb7 24. Rad1 b5 25. Re7 Bc8 26. Bb3 Bd6 27. Re2 Bf5 28. Nd4 Bg6 29. Rde1 Kg7 30. Nc6 Rd7 31. Re8 Rxe8 32. Rxe8 a5 33. Rd8 Rxd8 34. Nxd8 a4 35. Ba2 b4 36. cxb4 Bxb4 37. f3 Bc5+ 38. Kf1 Bd3+ 39. Ke1 Bb4+ 40. Kf2 Bc5+ 41. Kg3 Kf6 {White forfeits on time} 0-1

[Event "FICS rated blitz game"]
[Site "FICS freechess.org"]
[FICSGamesDBGameNo "20001893"]
[White "Murali"]
[Black "iwulu"]
[WhiteElo "1655"]
[BlackElo "1789"]
[WhiteRD "na"]
[BlackRD "na"]
[TimeControl "300+0"]
[Date "1999.09.18"]
[Time "21:52:00"]
[WhiteClock "0:05:00.000"]
[BlackClock "0:05:00.000"]
[ECO "C01"]
[PlyCount "50"]
[Result "0-1"]

1. e4 e6 2. Nc3 d5 3. exd5 exd5 4. d4 Nf6 5. Nf3 Bb4 6. Bd3 O-O 7. Bd2 Re8+ 8. Ne5 Nc6 9. O-O Nxd4 10. Nf3 Nxf3+ 11. Qxf3 Bg4 12. Qf4 Bd6 13. Qa4 c6 14. Qb3 b5 15. Nd1 Qc7 16. h3 Be2 17. Bxe2 Rxe2 18. Bg5 Ne4 19. Be3 d4 20. Qd3 dxe3 21. Qxe2 exf2+ 22. Nxf2 Bh2+ 23. Kh1 Ng3+ 24. Kxh2 Nxe2+ 25. Kh1 Ng3+ {White resigns} 0-1

[Event "FICS rated blitz game"]
[Site "FICS freechess.org"]
[FICSGamesDBGameNo "20001891"]
[White "KibitzNBlitz"]
[Black "Chessbee"]
[WhiteElo "1491"]
[BlackElo "1483"]
[WhiteRD "na"]
[BlackRD "na"]
[TimeControl "240+5"]
[Date "1999.09.18"]
[Time "20:18:00"]
[WhiteClock "0:04:00.000"]
[BlackClock "0:04:00.000"]
[ECO "A15"]
[PlyCount "53"]
[Result "1-0"]

1. c4 Nf6 2. g3 g6 3. Bg2 Bg7 4. Nf3 d6 5. O-O O-O 6. d4 Bf5 7. Nc3 h5 8. Re1 Nbd7 9. h3 Re8 10. e4 Nxe4 11. Nxe4 Bxe4 12. Rxe4 Nf6 13. Re1 Rc8 14. Bf4 c5 15. dxc5 Rxc5 16. Rc1 Qc7 17. b3 e5 18. Bg5 Nd7 19. Be3 Ra5 20. Rc2 Nc5 21. Bxc5 Rxc5 22. Ng5 d5 23. Bxd5 Rxd5 24. Qxd5 Rd8 25. Qe4 Rd4 26. Qe2 f6 27. Ne6 {Black resigns} 1-0

[Event "FICS rated blitz game"]
[Site "FICS freechess.org"]
[FICSGamesDBGameNo "20001890"]
[White "Ornitorinco"]
[Black "ENGLUNDO"]
[WhiteElo "2013"]
[BlackElo "1996"]
[WhiteRD "na"]
[BlackRD "na"]
[TimeControl "180+0"]
[Date "1999.09.18"]
[Time "16:24:00"]
[WhiteClock "0:03:00.000"]
[BlackClock "0:03:00.000"]
[ECO "C24"]
[PlyCount "95"]
[Result "1-0"]

1. e4 e5 2. Bc4 Nf6 3. d3 c6 4. Nf3 d6 5. O-O Nbd7 6. c3 Be7 7. Re1 O-O 8. d4 Qc7 9. Nbd2 h6 10. Bb3 Re8 11. Nh4 Bf8 12. Ng6 a5 13. a4 c5 14. Nxf8 Rxf8 15. Nf3 Re8 16. dxc5 Nxc5 17. Bc2 Bg4 18. b4 axb4 19. cxb4 Ne6 20. Bd3 Nd4 21. Be2 Nxe2+ 22. Qxe2 d5 23. h3 dxe4 24. hxg4 exf3 25. gxf3 Rad8 26. Be3 Nd5 27. b5 Qa5 28. Rec1 Rc8 29. Rxc8 Rxc8 30. Qd3 Nb4 31. Qf5 Re8 32. Bd2 g6 33. Qe4 Qd8 34. Bxb4 h5 35. Kg2 hxg4 36. Qxg4 Qd4 37. Qxd4 exd4 38. Rd1 Rd8 39. Bc5 d3 40. a5 Kg7 41. a6 bxa6 42. bxa6 Rd5 43. a7 Rd8 44. Rxd3 Ra8 45. Bb6 Kf6 46. Rd8 Rxa7 47. Bxa7 Ke7 48. Bb6 {Black resigns} 1-0

[Event "FICS rated blitz game"]
[Site "FICS freechess.org"]
[FICSGamesDBGameNo "20001889"]
[White "Chesney"]
[Black "Alenichev"]
[WhiteElo "1605"]
[BlackElo "1491"]
[WhiteRD "na"]
[BlackRD "na"]
[TimeControl "300+0"]
[Date "1999.09.18"]
[Time "16:22:00"]
[WhiteClock "0:05:00.000"]
[BlackClock "0:05:00.000"]
[ECO "C89"]
[PlyCount "47"]
[Result "1-0"]

1. e4 e5 2. Nf3 Nc6 3. Bb5 a6 4. Ba4 Nf6 5. O-O Be7 6. Re1 b5 7. Bb3 O-O 8. c3 d5 9. exd5 Nxd5 10. Nxe5 Nxe5 11. Rxe5 Bb7 12. Qf3 c6 13. d4 Bd6 14. Re1 Qh4 15. g3 Qh3 16. Nd2 Bc8 17. Ne4 Bg4 18. Qg2 Qh5 19. Nxd6 Bf3 20. Qf1 f5 21. Bf4 Kh8 22. Bxd5 cxd5 23. Re7 g5 24. Be5+ {Black resigns} 1-0

[Event "FICS rated blitz game"]
[Site "FICS freechess.org"]
[FICSGamesDBGameNo "20001888"]
[White "Latsabb"]
[Black "GrandRoyal"]
[WhiteElo "1616"]
[BlackElo "1641"]
[WhiteRD "na"]
[BlackRD "na"]
[TimeControl "180+0"]
[Date "1999.09.18"]
[Time "14:53:00"]
[WhiteClock "0:03:00.000"]
[BlackClock "0:03:00.000"]
[ECO "C44"]
[PlyCount "53"]
[Result "1-0"]

1. e4 e5 2. Nf3 Nc6 3. d4 d6 4. dxe5 Bg4 5. exd6 Bxf3 6. Qxf3 Bxd6 7. Nc3 Ne5 8. Qd1 Nf6 9. Be2 h6 10. O-O O-O 11. f4 Bc5+ 12. Kh1 Neg4 13. Bxg4 Qxd1 14. Bxd1 Bd4 15. Bd2 Bxc3 16. Bxc3 Nxe4 17. Be5 c6 18. Bf3 Nd2 19. Rf2 Nc4 20. b3 Nb6 21. Be4 f5 22. Bd3 Nd7 23. Bb2 Nc5 24. Rf3 Rae8 25. Rg3 Nxd3 26. Rxg7+ Kh8 27. cxd3 {Black resigns} 1-0

[Event "FICS rated lightning game"]
[Site "FICS freechess.org"]
[FICSGamesDBGameNo "20001887"]
[White "Duckbill"]
[Black "Inne"]
[WhiteElo "1698"]
[BlackElo "1641"]
[WhiteRD "na"]
[BlackRD "na"]
[TimeControl "120+0"]
[Date "1999.09.18"]
[Time "13:14:00"]
[WhiteClock "0:02:00.000"]
[BlackClock "0:02:00.000"]
[ECO "C00"]
[PlyCount "60"]
[Result "1/2-1/2"]

1. e4 e6 2. d4 d5 3. Be3 dxe4 4. Nd2 f5 5. f3 Nf6 6. fxe4 fxe4 7. Bc4 Bb4 8. c3 Bd6 9. Ne2 O-O 10. O-O a6 11. h3 b5 12. Bb3 Bb7 13. Nf4 Bxf4 14. Bxf4 Nd5 15. Qe2 Nxf4 16. Qg4 Nd3 17. Bxe6+ Kh8 18. Rxf8+ Qxf8 19. Nxe4 Bxe4 20. Qxe4 Nxb2 21. Qxa8 Nd3 22. Qe4 Qf2+ 23. Kh1 h6 24. Bf5 g6 25. Qe8+ Kg7 26. Qe7+ Kh8 27. Qf8+ Kh7 28. Qf7+ Kh8 29. Qf8+ Kh7 30. Qf7+ Kh8 {Game drawn by mutual agreement} 1/2-1/2

[Event "FICS rated blitz game"]
[Site "FICS freechess.org"]
[FICSGamesDBGameNo "20001886"]
[White "roylev"]
[Black "LNO"]
[WhiteElo "1467"]
[BlackElo "1720"]
[WhiteRD "na"]
[BlackRD "na"]
[TimeControl "180+0"]
[Date "1999.09.18"]
[Time "13:13:00"]
[WhiteClock "0:03:00.000"]
[BlackClock "0:03:00.000"]
[ECO "C18"]
[PlyCount "43"]
[Result "1-0"]

1. e4 e6 2. d4 d5 3. Nc3 Bb4 4. a3 Bxc3+ 5. bxc3 c5 6. e5 Nc6 7. Qg4 Nge7 8. Qxg7 Rg8 9. Qxh7 cxd4 10. Nf3 Qc7 11. cxd4 Qb6 12. Be3 Qb2 13. Rd1 Bd7 14. Be2 O-O-O 15. O-O Rdf8 16. Rfe1 Rh8 17. Qd3 Nf5 18. c4 dxc4 19. Qxc4 Qxa3 20. d5 exd5 21. Qxd5 Nxe3 22. Qxd7+ {Black forfeits on time} 1-0

[Event "FICS rated blitz game"]
[Site "FICS freechess.org"]
[FICSGamesDBGameNo "20001885"]
[White "LarryS"]
[Black "UPRISING"]
[WhiteElo "1599"]
[BlackElo "1424"]
[WhiteRD "na"]
[BlackRD "na"]
[TimeControl "120+12"]
[Date "1999.09.18"]
[Time "13:04:00"]
[WhiteClock "0:02:00.000"]
[BlackClock "0:02:00.000"]
[ECO "D41"]
[PlyCount "53"]
[Result "1-0"]

1. d4 Nf6 2. Nf3 e6 3. c4 d5 4. Nc3 c5 5. cxd5 Nxd5 6. e4 cxd4 7. exd5 dxc3 8. bxc3 exd5 9. Bb5+ Nc6 10. O-O Be7 11. Ne5 O-O 12. Nxc6 bxc6 13. Bxc6 Qc7 14. Bxa8 Bd6 15. h3 Re8 16. Bxd5 Re5 17. Re1 Qxc3 18. Rxe5 Qxe5 19. g3 Qxa1 20. Bg2 Qe5 21. Bf4 Qa5 22. Qxd6 h6 23. a3 Qe1+ 24. Kh2 Be6 25. Qd4 a5 26. Be4 Qf1 27. Qd8# {Black checkmated} 1-0

[Event "FICS rated blitz game"]
[Site "FICS freechess.org"]
[FICSGamesDBGameNo "20001883"]
[White "Myggen"]
[Black "yan"]
[WhiteElo "1704"]
[BlackElo "1481"]
[WhiteRD "na"]
[BlackRD "na"]
[TimeControl "180+0"]
[Date "1999.09.18"]
[Time "12:59:00"]
[WhiteClock "0:03:00.000"]
[BlackClock "0:03:00.000"]
[ECO "D02"]
[PlyCount "102"]
[Result "1-0"]

1. d4 d5 2. Nf3 Nf6 3. Bf4 e6 4. e3 Nbd7 5. Bd3 g6 6. Nbd2 Bg7 7. Ne5 Nxe5 8. Bxe5 O-O 9. h4 Nd7 10. Bxg7 Kxg7 11. h5 Rh8 12. h6+ Kf8 13. f4 c5 14. c3 c4 15. Bc2 Nf6 16. g4 Qb6 17. b3 e5 18. g5 Ng4 19. fxe5 Nxe3 20. Qc1 Nxc2+ 21. Qxc2 Bf5 22. Qb2 cxb3 23. axb3 Qd8 24. Qa3+ Kg8 25. Rg1 Rc8 26. Rg3 Qc7 27. Qxa7 b6 28. Qxc7 Rxc7 29. Ra8+ Rc8 30. Rxc8+ Bxc8 31. b4 Kf8 32. c4 Be6 33. c5 bxc5 34. bxc5 Ke7 35. Ra3 Rc8 36. Ra7+ Ke8 37. Nb3 Rb8 38. Na5 Rb1+ 39. Kd2 Ra1 40. Nc6 Rxa7 41. Nxa7 Kd7 42. Kc3 Kc7 43. Kb4 Bd7 44. Nb5+ Kc6 45. Nc3 Kc7 46. Ka5 Kc6 47. Na4 Kb7 48. Nb6 Kc6 49. Nxd7 Kxd7 50. Kb6 Kc8 51. c6 Kd8 {Black forfeits on time} 1-0

[Event "FICS rated blitz game"]
[Site "FICS freechess.org"]
[FICSGamesDBGameNo "20001882"]
[White "Hasdrubal"]
[Black "Raju"]
[WhiteElo "1798"]
[BlackElo "1591"]
[WhiteRD "na"]
[BlackRD "na"]
[TimeControl "300+0"]
[Date "1999.09.18"]
[Time "12:54:00"]
[WhiteClock "0:05:00.000"]
[BlackClock "0:05:00.000"]
[ECO "B30"]
[PlyCount "97"]
[Result "1-0"]

1. e4 c5 2. Nf3 Nc6 3. Nc3 g6 4. d3 Bg7 5. g3 d6 6. Bg2 Bg4 7. O-O Nd4 8. h3 Nxf3+ 9. Bxf3 Bxh3 10. Re1 e5 11. Qe2 Nf6 12. Bg5 h6 13. Bxf6 Bxf6 14. Bg4 Bxg4 15. Qxg4 h5 16. Qf3 h4 17. Nd5 Be7 18. Kg2 hxg3 19. fxg3 Qd7 20. Rh1 O-O-O 21. Qxf7 Bg5 22. Qxd7+ Kxd7 23. Rxh8 Rxh8 24. Rf1 Rh7 25. Rf8 Kc6 26. Rg8 Bc1 27. b3 g5 28. Rc8+ Kd7 29. Nf6+ Kxc8 30. Nxh7 b5 31. Kf3 a5 32. Kg4 Kb7 33. Nxg5 Kc6 34. Nh7 d5 35. Kf5 Bb2 36. g4 c4 37. g5 cxb3 38. cxb3 dxe4 39. dxe4 Bc1 40. Nf6 a4 41. Kxe5 axb3 42. axb3 Bxg5 43. Nd5 Kc5 44. b4+ Kc4 45. Kd6 Bh6 46. e5 Bf8+ 47. Kc6 Kd4 48. e6 Bxb4 49. Nxb4 {Black forfeits on time} 1-0

[Event "FICS rated blitz game"]
[Site "FICS freechess.org"]
[FICSGamesDBGameNo "20001881"]
[White "Frei"]
[Black "checkmateJIM"]
[WhiteElo "2147"]
[BlackElo "1758"]
[WhiteRD "na"]
[BlackRD "na"]
[TimeControl "120+12"]
[Date "1999.09.18"]
[Time "11:27:00"]
[WhiteClock "0:02:00.000"]
[BlackClock "0:02:00.000"]
[ECO "C56"]
[PlyCount "46"]
[Result "1-0"]

1. e4 e5 2. Nf3 Nc6 3. d4 exd4 4. Bc4 Nf6 5. O-O Nxe4 6. Re1 d5 7. Bxd5 Qxd5 8. Nc3 Qf5 9. Nxe4 Be6 10. Nxd4 Nxd4 11. Qxd4 Rd8 12. Qa4+ c6 13. Ng3 Qg6 14. Qxa7 h5 15. Qxb7 Be7 16. Qxc6+ Kf8 17. c3 h4 18. Ne4 Rh5 19. h3 Re5 20. Bf4 Rf5 21. Bc7 Rc8 22. Qb6 Rf3 23. Kh2 Rxc7 {Black resigns} 1-0

[Event "FICS rated blitz game"]
[Site "FICS freechess.org"]
[FICSGamesDBGameNo "20001880"]
[White "HangChung"]
[Black "Buckyball"]
[WhiteElo "1419"]
[BlackElo "1550"]
[WhiteRD "na"]
[BlackRD "na"]
[TimeControl "180+0"]
[Date "1999.09.18"]
[Time "10:23:00"]
[WhiteClock "0:03:00.000"]
[BlackClock "0:03:00.000"]
[ECO "B10"]
[PlyCount "62"]
[Result "0-1"]

1. e4 c6 2. Nf3 d5 3. exd5 cxd5 4. d4 Nc6 5. Bb5 a6 6. Bxc6+ bxc6 7. O-O Nf6 8. c3 g6 9. h3 Bg7 10. Bg5 O-O 11. Bxf6 Bxf6 12. Nbd2 Qb6 13. b3 Bb7 14. Re1 Rfe8 15. Re2 a5 16. Qc2 Ba6 17. Re3 Rad8 18. Rae1 e6 19. Ne5 Bxe5 20. Rxe5 c5 21. dxc5 Qxc5 22. Nf3 Rc8 23. c4 Qd6 24. Rd1 Red8 25. Qb2 Rc5 26. Qc1 Qc7 27. Qh6 dxc4 28. Rxd8+ Qxd8 29. Rxc5 Qd1+ 30. Kh2 Qd6+ 31. Re5 Bb7 {White forfeits on time} 0-1

[Event "FICS rated blitz game"]
[Site "FICS freechess.org"]
[FICSGamesDBGameNo "20001879"]
[White "Burnie"]
[Black "dcampa"]
[WhiteElo "1850"]
[BlackElo "1717"]
[WhiteRD "na"]
[BlackRD "na"]
[TimeControl "180+0"]
[Date "1999.09.18"]
[Time "09:42:00"]
[WhiteClock "0:03:00.000"]
[BlackClock "0:03:00.000"]
[ECO "A40"]
[PlyCount "51"]
[Result "1-0"]

1. d4 g6 2. Nf3 Bg7 3. c4 c6 4. Nc3 Nf6 5. Bg5 d6 6. e3 Qc7 7. Bd3 O-O 8. Kf1 Nbd7 9. g3 e5 10. Kg2 h6 11. Bxf6 Nxf6 12. dxe5 dxe5 13. Ne4 Nxe4 14. Bxe4 f5 15. Bc2 f4 16. exf4 exf4 17. Rf1 Bg4 18. h3 Bf5 19. Bxf5 Rxf5 20. Qc2 fxg3 21. fxg3 Qxg3+ 22. Kh1 Rxf3 23. Rxf3 Bd4 24. Rxg3 Re8 25. Qxg6+ Kh8 26. Qxh6# {Black checkmated} 1-0

[Event "FICS rated blitz game"]
[Site "FICS freechess.org"]
[FICSGamesDBGameNo "20001878"]
[White "antoon"]
[Black "BladeWat"]
[WhiteElo "1273"]
[BlackElo "1250"]
[WhiteRD "na"]
[BlackRD "na"]
[TimeControl "300+0"]
[Date "1999.09.18"]
[Time "08:52:00"]
[WhiteClock "0:05:00.000"]
[BlackClock "0:05:00.000"]
[ECO "B03"]
[PlyCount "73"]
[Result "0-1"]

1. e4 Nf6 2. e5 Nd5 3. c4 Nb6 4. d4 d6 5. exd6 exd6 6. Nc3 Be6 7. Nf3 Qe7 8. Be3 Qd8 9. Be2 Nxc4 10. Bxc4 Bxc4 11. Qa4+ b5 12. Nxb5 Bxb5 13. Qxb5+ Nd7 14. O-O Rb8 15. Qe2 Be7 16. b3 c6 17. Qc4 Rb6 18. d5 c5 19. Rab1 O-O 20. b4 Re8 21. bxc5 dxc5 22. Rfd1 Qb8 23. Qc2 Bd6 24. g3 Nf6 25. h3 Bxg3 26. Rxb6 axb6 27. Kg2 Bd6 28. Bg5 Nd7 29. Nh4 b5 30. Nf5 f6 31. Nxd6 Qxd6 32. Be3 Kh8 33. Rc1 Qxd5+ 34. Kg1 Re5 35. Qb2 Rh5 36. Qa3 Rxh3 37. Qa8+ {White resigns} 0-1